AoeStats
← ZonTik

Lombardia

509568506Analyzed
2v2 RM · 6d ago on Sep 27, 2026· 48m 48s· 4 players
Game mode
Random Map
Map size
Medium (4 player)
Population
200
Speed
Normal
Resources
Standard
Victory
Conquest
Starting age
Dark Age
Ending age
Imperial Age
RankedLock teamsTeams togetherTeam positionsShared explorationLock speedFull tech treeHidden civsTurbo modeCheats
Victory
Defeat
🇵🇦 Khitans · Panama
720
+12
🇮🇳 Bohemians · India
709
+13
🇷🇺 Japanese · Russia
644
-13
🇷🇺 Danes · Russia
636
-12
Jupiter
1:07 Loom
2:07 Loom
10:15 Feudal Age
15:21 Man-at-Arms
16:22 Arson
22:46 Castle Age
24:22 Husbandry
25:56 Town Watch
27:15 Double-Bit Axe
27:13 Horse Collar
38:11 Imperial Age
37:50 Bow Saw
37:50 Heavy Plow
40:48 Cavalier
45:49 Town Patrol
46:54 Wheelbarrow
47:17 Elite Hussite Wagon
Elcaifascefas
2:31 Loom
11:55 Feudal Age
14:56 Double-Bit Axe
22:59 Castle Age
22:36 Scale Mail Armor
22:47 Forging
22:28 Fletching
24:02 Chain Mail Armor
24:47 Iron Casting
25:27 Lamellar Armor
26:22 Gold Mining
LadyBoy
9:12 Feudal Age
9:55 Double-Bit Axe
18:07 Forging
17:49 Fletching
18:12 Forging
19:26 Padded Archer Armor
22:00 Castle Age
23:45 Stone Mining
23:48 Gold Mining
23:47 Crossbowman
25:08 Horse Collar
25:39 Bodkin Arrow
30:24 Leather Archer Armor
ZonTik
10:21 Feudal Age
13:30 Double-Bit Axe
13:29 Horse Collar
18:18 Castle Age
17:05 Man-at-Arms
19:27 Gambesons
20:33 Squires
26:06 Forging
25:58 Scale Mail Armor
27:12 Heavy Plow
27:46 Gold Mining
32:33 Iron Casting
32:13 Chain Mail Armor
38:52 Hamask
41:54 Gold Shaft Mining
46:40 Stone Mining
Connection lost

Rejoining the realm…

Still unreachable

The connection could not be restored.

Session expired

The server has moved on; the page needs a fresh start.